 Dungeon Crawl Stone Soup version 0.27.1-3-gb3d3a73c9e (webtiles) character file.

Game seed: 2345616445191432760

6299 pkoi the Grappler (level 10, -3/96 HPs)
             Began as a Troll Monk on Oct 12, 2021.
             Was a Priest of Nemelex Xobeh.
             Succumbed to a cane toad's poison
             ... on level 8 of the Dungeon on Oct 13, 2021.
             The game lasted 00:09:48 (6923 turns).

pkoi the Grappler (Troll Monk)                      Turns: 6923, Time: 00:09:49

Health: -3/96      AC:  6    Str: 24    XL:     10   Next: 63%
Magic:  15/15      EV: 11    Int:  6    God:    Nemelex Xobeh [***...]
Gold:   401        SH:  0    Dex: 12    Spells: 9/9 levels left

rFire    . . .     SeeInvis .     - Unarmed
rCold    . . .     Faith    .   (no shield)
rNeg     . . .     Spirit   .   a - +0 robe
rPois    .         Reflect  .   (helmet restricted)
rElec    .         Harm     .   h - +1 cloak
rCorr    .         Rampage  .   (gloves unavailable)
Will     .....                  (boots unavailable)
Stlth    ++........             (no amulet)
HPRegen  1.26/turn              (no ring)
MPRegen  0.14/turn              (no ring)

@: lethally poisoned (-3 -> -24)
A: large, unfitting armour, claws 3, regeneration 1, shaggy fur 1, tough skin 1
a: Renounce Religion, Draw Escape, Draw Destruction, Draw Summoning, Triple Draw


You were on level 8 of the Dungeon.
You worshipped Nemelex Xobeh.
Nemelex Xobeh was most pleased with you.
You visited 1 branch of the dungeon, and saw 8 of its levels.
You also visited: Ossuary.

You collected 401 gold pieces.

Inventory:

Armour
 a - a +0 robe (worn)
 h - a +1 cloak (worn)
Jewellery
 i - a ring of fire
 v - an amulet of regeneration
 w - a +6 ring of dexterity
Wands
 o - a wand of flame (58)
 t - a wand of charming (11)
Scrolls
 b - 6 scrolls of identify
 f - 3 scrolls of summoning
 j - 2 scrolls of magic mapping
 k - 2 scrolls of teleportation
 m - a scroll of immolation
 p - a scroll of amnesia
 s - a scroll of enchant armour
 u - a scroll of torment
 x - a scroll of blinking {unknown}
Potions
 c - 3 potions of lignification
 d - 3 potions of heal wounds
 e - 4 potions of attraction {unknown}
 g - a potion of brilliance {unknown}
 l - 2 potions of invisibility {unknown}
 n - a potion of resistance {unknown}
 q - 2 potions of curing {unknown}
 r - 2 potions of mutation {unknown}


   Skills:
 - Level 5.2 Fighting
 + Level 5.2 Dodging
 - Level 1.0 Stealth
 * Level 10.9 Unarmed Combat
 * Level 8.7 Invocations


You had 9 spell levels left.
You didn't know any spells.
Your spell library contained the following spells:

 Spells                   Type           Power      Damage    Failure   Level
 Conjure Flame            Conj/Fire      0%         6-21      83%         3
 Ignite Poison            Fire/Tmut/Pois 0%         N/A       83%         3
 Sticky Flame             Conj/Fire      0%         2d3       99%         4


Dungeon Overview and Level Annotations

Branches:
Dungeon (8/15)             Temple (0/1) D:5         Ossuary (visited)
   Lair: D:8-11

Altars:
Ashenzari
Dithmenos
Fedhas
Gozag
Hepliaklqana
Nemelex Xobeh
Ru
Trog
Uskayaw
Xom
Zin
The Shining One

Shops:
D:5 [

Annotations:
D:4 2 transporters


Innate Abilities, Weirdness & Mutations

You are too large for most types of armour.
You have claws for hands.
Your natural rate of healing is unusually fast.
You are covered in fur. (AC +1)
You have tough skin. (AC +1)


Message History

The cane toad stings you! The meliai hits you!
* * * LOW HITPOINT WARNING * * *
The meliai closely misses you.
You claw the meliai!
You kill the meliai!
The cane toad closely misses you.
Unknown command.
You closely miss the cane toad. The cane toad stings you!
* * * LOW HITPOINT WARNING * * *
You are poisoned.
The cane toad poisons you!
You scratch the cane toad.
The cane toad is lightly wounded.
You feel very sick. The cane toad closely misses you.
You scratch the cane toad.
The cane toad is lightly wounded.
You feel sick. The cane toad closely misses you.
You closely miss the cane toad.
The cane toad is lightly wounded.
You feel sick. The cane toad misses you.
You mangle the cane toad!!
The cane toad is severely wounded.
You feel sick. The cane toad stings you!
* * * LOW HITPOINT WARNING * * *
You are more poisoned.
The cane toad poisons you!
Unknown command.
You scratch the cane toad.
The cane toad is severely wounded.
You feel very sick. The cane toad stings you!
* * * LOW HITPOINT WARNING * * *
You are more poisoned.
The cane toad poisons you!
You mangle the cane toad!!
You kill the cane toad!
The yak returns to its original shape as it dies.
You die...
Your body disappears without a glow.

.......###...####.#
...................###
#.....#....##...##.....#
#..........##...##.#.###
....#.#..............#
...........##.#.##...###
. ............####
.#..##†#.#.........#
.......@......######
.......###...## ##....#
##### #.... #....
#.....# #..... #.....
#.....


There were no monsters in sight!

Vanquished Creatures
  A deep troll (D:7)
  An ugly thing (D:7)
  A cane toad (D:8)
  A kobold demonologist (D:7)
  A meliai (D:8)
  Grinder (D:5)
  A slime creature (D:7)
  4 yaks (D:7)
  Grum (D:8)
  A steam dragon (D:7)
  3 water moccasins
  Duvessa (D:7)
  An ice beast (D:6)
  A sky beast (D:8)
  3 black bears
  2 orc warriors
  3 wolves (D:8)
  An ogre (D:5)
  A centaur (D:6)
  2 phantoms (D:6)
  2 kobold brigands (D:7)
  An elf zombie (Ossuary)
  2 bullfrogs (D:6)
  3 gnoll sergeants
  Dowan (D:7)
  A wyvern skeleton (D:7)
  3 scorpions (D:6)
  2 killer bees (D:7)
  3 wights (D:7)
  6 howler monkeys
  3 centaur zombies
  4 jellies
  3 hounds
  2 orc priests
  2 bullfrog skeletons
  A gnoll shaman (D:7)
  An iron imp (D:7)
  4 iguanas
  5 orc wizards
  2 mummies (Ossuary)
  7 gnolls (D:5)
  3 adders
  2 ufetubi (D:5)
  An adder zombie (Ossuary)
  3 worms (D:2)
  3 dart slugs
  19 orcs
  6 ball pythons
  4 bats
  6 endoplasms
  2 giant cockroaches (D:1)
  6 goblins
  4 hobgoblins
  5 jackals
  2 quokkas
  2 frilled lizards
  2 goblin zombies (Ossuary)
  7 hobgoblin zombies (Ossuary)
  20 kobolds
  13 kobold zombies (Ossuary)
  8 orc zombies (Ossuary)
  5 rats
  3 rat zombies (Ossuary)
215 creatures vanquished.

Vanquished Creatures (others)
  A jackal (D:7)
  A quokka (D:7)
2 creatures vanquished.

Grand Total: 217 creatures vanquished

Notes
Turn   | Place    | Note
-------+----------+-------------------------------------------
     0 | D:1      | pkoi the Troll Monk began the quest for the Orb.
     0 | D:1      | Reached XP level 1. HP: 22/22 MP: 0/0
   156 | D:1      | Reached XP level 2. HP: 29/29 MP: 1/1
   286 | D:1      | Found a faded altar of an unknown god.
   348 | D:1      | You fall into a shaft and drop 1 floor!
   404 | D:2      | Reached skill level 4 in Unarmed Combat
   425 | D:2      | Reached XP level 3. HP: 36/36 MP: 2/2
  1641 | D:3      | Reached XP level 4. HP: 36/44 MP: 3/3
  1683 | D:3      | Reached skill level 5 in Unarmed Combat
  1856 | D:3      | Found a sparkling altar of Nemelex Xobeh.
  2067 | D:3      | Found a shadowy altar of Dithmenos.
  2178 | D:3      | Became a worshipper of Nemelex Xobeh the Trickster
  2178 | D:3      | Reached * piety under Nemelex Xobeh
  2178 | D:3      | Received a gift from Nemelex Xobeh
  2178 | D:3      | Received a gift from Nemelex Xobeh
  2178 | D:3      | Reached ** piety under Nemelex Xobeh
  2310 | D:4      | Found a broken altar of Ashenzari.
  2396 | D:4      | Found a blossoming altar of Fedhas.
  2530 | D:4      | Reached skill level 1 in Invocations
  2530 | D:4      | Reached XP level 5. HP: 50/50 MP: 4/4
  2534 | D:4      | Found a transporter.
  2564 | D:4      | Noticed an orc warrior
  2607 | D:4      | Killed an orc warrior
  2608 | D:4      | Reached skill level 6 in Unarmed Combat
  2615 | D:4      | Reached XP level 6. HP: 54/59 MP: 4/6
  2675 | D:4      | Found a transporter.
  2747 | D:4      | Found a glowing golden altar of the Shining One.
  2749 | D:4      | Found a burning altar of Makhleb.
  2749 | D:4      | Found a hide-covered altar of Uskayaw.
  2752 | D:4      | Found a hazy altar of Hepliaklqana.
  2752 | D:4      | Found a sacrificial altar of Ru.
  2752 | D:4      | Found a shimmering altar of Xom.
  2878 | D:5      | Entered Level 5 of the Dungeon
  2878 | D:5      | Found Nidanymn's Armour Shop.
  3044 | D:5      | Found a glowing silver altar of Zin.
  3044 | D:5      | Found an opulent altar of Gozag.
  3154 | D:5      | Received a gift from Nemelex Xobeh
  3288 | D:5      | Found a staircase to the Ecumenical Temple.
  3329 | D:5      | Reached XP level 7. HP: 43/66 MP: 8/8
  3544 | D:5      | Noticed Grinder
  3544 | D:5      | Paralysed by Grinder for 6 turns
  3564 | D:5      | Killed Grinder
  3565 | D:5      | Reached skill level 7 in Unarmed Combat
  4033 | D:6      | Noticed Blork the orc
  4054 | D:6      | Noticed Blork
  4054 | D:6      | Blork the orc changed into Blork the bullfrog
  4060 | D:6      | Killed Blork the bullfrog
  4061 | D:6      | Reached XP level 8. HP: 61/74 MP: 10/10
  4077 | D:6      | Reached skill level 5 in Invocations
  4080 | D:6      | Found a sand-covered staircase.
  4084 | Ossuary  | Entered an ossuary
  4084 | Ossuary  | Received a gift from Nemelex Xobeh
  4224 | Ossuary  | Reached skill level 8 in Unarmed Combat
  4390 | Ossuary  | Reached *** piety under Nemelex Xobeh
  4549 | D:6      | Found a bloodstained altar of Trog.
  4910 | D:6      | Reached XP level 9. HP: 83/83 MP: 12/12
  5157 | D:6      | Received a gift from Nemelex Xobeh
  5230 | D:7      | Reached skill level 9 in Unarmed Combat
  5604 | D:7      | Noticed a death knight
  5669 | D:7      | Noticed Duvessa
  5672 | D:7      | Killed Duvessa
  5672 | D:7      | Noticed Dowan
  5675 | D:7      | Killed Dowan
  5734 | D:7      | Noticed a deep troll
  5734 | D:7      | a death knight changed into a deep troll
  5741 | D:7      | Killed a deep troll
  6106 | D:7      | Reached skill level 10 in Unarmed Combat
  6123 | D:7      | Noticed a purple ugly thing
  6148 | D:7      | Noticed a kobold demonologist
  6149 | D:7      | Reached XP level 10. HP: 63/94 MP: 14/14
  6172 | D:7      | Killed a purple ugly thing
  6436 | D:8      | Noticed Grum
  6446 | D:8      | Killed Grum
  6453 | D:8      | Reached skill level 5 in Fighting
  6457 | D:8      | Reached skill level 5 in Dodging
  6553 | D:7      | HP: 2/96 [poisoned by a killer bee]
  6834 | D:8      | Received a gift from Nemelex Xobeh
  6910 | D:8      | Noticed a cane toad
  6910 | D:8      | a yak changed into a cane toad
  6922 | D:8      | HP: 2/96 [cane toad (15)]
  6923 | D:8      | Killed a cane toad
  6923 | D:8      | Succumbed to a cane toad's poison

Illustrated notes

Levels and vault maps discovered:
D:1:      amcnicky_arrival_underground_garden, layout_rooms,
          hellmonk_ecumenical_altar_pennies_from_heaven
D:2:      layout_loops_ring, serial_co_window_serial, co_window_corner_a,
          co_window_of_opportunity_a, co_window_paths_a, co_window_paths_b,
          co_window_of_opportunity_a, co_window_paths_b, co_window_corner_a,
          co_window_corner_a, co_window_corner_a, co_window_broadway_b,
          co_window_corner_b, co_window_of_opportunity_c, co_window_sun
D:3:      layout_rooms, nicolae_dithmenos_through_a_glass_darkly,
          nemelex_spade_bored_becter
D:4:      gammafunk_cloud_chamber, layout_cave_pools,
          nicolae_ashenzari_panopticon, lemuel_crystal_altar,
          doesnt_xom_only_xom, fountainhead, kennysheep_generic_room_14
D:5:      layout_loops_corners, grunt_temple_overflow_gold_and_silver,
          minmay_temple_entry_offerings, serial_shops, shop,
          serial_bayou_ford_a, minmay_misc_feat_chi, st_stairs_4, uniq_grinder
D:6:      layout_rooms, trog_butcher_becter, enter_ossuary_5, uniq_blork_the_orc
D:7:      minmay_chambers_of_sevens, layout_rooms, uniq_duvessa
D:8:      layout_basic, uniq_grum

Skill      XL: |  1  2  3  4  5  6  7  8  9 10 |
---------------+-------------------------------+-----
Unarmed Combat | 4 5 6 7 8 10 | 10.9
Invocations    | 1 2 3 4 6 7 8 |  8.7
Fighting       | 3 4 5 |  5.2
Dodging        | 3 4 5 |  5.2
Stealth        | |  1.0

Action                   |  1- 3 |  4- 6 |  7- 9 | 10-12 || total
-------------------------+-------+-------+-------+-------++-------
Melee: Unarmed           |   100 |   103 |   298 |   109 ||   610
       Punch             |     1 |     4 |    11 |     6 ||    22
Invok: Draw Destruction  |       |     9 |    15 |     7 ||    31
       Draw Escape       |       |       |     1 |     1 ||     2
  Use: Scroll            |     4 |     2 |     5 |       ||    11
       Potion            |       |       |       |     2 ||     2
 Stab: Sleeping          |     1 |     2 |     1 |       ||     4
Armor: Robe              |    34 |    27 |   120 |    56 ||   237
       Skin              |       |       |       |     7 ||     7
Dodge: Dodged            |    47 |    53 |   163 |    92 ||   355
